 Dungeon Crawl Stone Soup version 0.29-a0-22-gbf593b16ee (webtiles) character file.

Game seed: 2876084854871822422

107 issech the Cudgeller (level 4, 0/45 HPs)
             Began as a Troll Monk on Jan 29, 2022.
             Succumbed to a kobold brigand's poison
             ... in a sewer.
             The game lasted 00:06:09 (1928 turns).

issech the Cudgeller (Troll Monk)                   Turns: 1928, Time: 00:06:10

Health: 0/45       AC:  4    Str: 19    XL:     4   Next: 56%
Magic:  3/3        EV: 10    Int:  6    God:
Gold:   75         SH:  0    Dex: 14    Spells: 3/3 levels left

rFire   . . .      SeeInvis .   a - +0 mace
rCold   . . .      Faith    .   (no shield)
rNeg    . . .      Spirit   .   b - +0 robe
rPois   .          Reflect  .   (helmet restricted)
rElec   .          Harm     .   (no cloak)
rCorr   .          Rampage  .   (gloves unavailable)
Will    .....                   (boots unavailable)
Stlth   ++........              (no amulet)
HPRegen 0.95/turn               (no ring)
MPRegen 0.08/turn               (no ring)

@: lethally poisoned (0 -> -12), very slow
A: large, unfitting armour, claws 3, regeneration 1, shaggy fur 1, tough skin 1
a: no special abilities


You were in a sewer.
You visited 1 branch of the dungeon, and saw 3 of its levels.
You also visited: Sewer.

You collected 75 gold pieces.

Inventory:

Hand Weapons
 a - a +0 mace (weapon)
 n - a +0 whip of flaming
Missiles
 c - 158 stones (quivered)
 i - 5 sling bullets
 k - 47 bolts
Armour
 b - a +0 robe (worn)
Scrolls
 d - a scroll of noise {unknown}
 e - 2 scrolls of teleportation {unknown}
 j - 2 scrolls of immolation {unknown}
Potions
 f - a potion of brilliance {unknown}
 g - 3 potions of curing {unknown}
 h - 2 potions of degeneration {unknown}
 l - a potion of might {unknown}
 m - a potion of heal wounds {unknown}


   Skills:
 + Level 3.0 Fighting
 + Level 3.8 Maces & Flails
 + Level 3.1 Dodging
 + Level 1.2 Stealth


You had 3 spell levels left.
You didn't know any spells.
Your spell library contained the following spells:

 Spells                   Type           Power      Damage    Failure   Level
 Static Discharge         Conj/Air       0%         N/A       58%         2
 Lightning Bolt           Conj/Air       0%         1d11      100%        5
 Maxwell's Capacitive Co  Air            0%         ∞         100%        8


Dungeon Overview and Level Annotations

Branches:
Dungeon (3/15)              Sewer (1/1)

Altars:


Innate Abilities, Weirdness & Mutations

You are too large for most types of armour.
You have claws for hands.
Your natural rate of healing is unusually fast.
You are covered in fur. (AC +1)
You have tough skin. (AC +1)


Message History

The poisoned dart misses you.
The kobold brigand throws a poisoned dart.
The poisoned dart hits you!
You are more poisoned.
The kobold brigand throws a poisoned dart.
The poisoned dart hits you!
You are more poisoned.
You feel extremely sick.
You feel very sick.
You feel very sick.
You enter the shallow water.
Moving in this stuff is going to be slow.
You feel very sick.
You feel very sick.
You feel sick.
You feel sick.
The kobold brigand throws a poisoned dart.
The poisoned dart hits you!
You are more poisoned.
You feel very sick.
The kobold brigand throws a poisoned dart.
The poisoned dart completely misses you.
You feel very sick.
You feel sick.
You feel sick.
The kobold brigand throws a poisoned dart.
The poisoned dart hits you!
You are more poisoned.
You feel very sick.
You feel very sick.
The kobold brigand throws a poisoned dart.
The poisoned dart hits you!
You are more poisoned.
You feel very sick.
The kobold brigand throws a poisoned dart.
The poisoned dart hits you!
You are lethally poisoned!
The kobold brigand throws a poisoned dart.
The poisoned dart barely misses you.
You die...

#.#
#≈#
#≈#
#≈#
#≈#
#≈#
#≈#
#≈#
#@#
#≈#
#≈#
#≈#
#≈#
#≈#
#≈#
#≈#
#K#


There were no monsters in sight!

Vanquished Creatures
  An adder (D:3)
  A river rat (Sewer)
  4 worms
  4 dart slugs
  6 bats
  8 endoplasms
  6 giant cockroaches
  7 goblins
  2 hobgoblins (D:2)
  4 jackals
  3 quokkas
  4 ball pythons
  2 frilled lizards (D:3)
  6 kobolds
  9 rats
67 creatures vanquished.

Vanquished Creatures (others)
  A fungus (D:1)
1 creature vanquished.

Grand Total: 68 creatures vanquished

Notes
Turn   | Place    | Note
-------+----------+-------------------------------------------
     0 | D:1      | issech the Troll Monk began the quest for the Orb.
     0 | D:1      | Reached XP level 1. HP: 22/22 MP: 0/0
   218 | D:1      | Reached XP level 2. HP: 21/29 MP: 1/1
   243 | D:1      | Found a faded altar of an unknown god.
   783 | D:2      | Reached XP level 3. HP: 35/36 MP: 2/2
  1420 | D:2      | Reached XP level 4. HP: 44/44 MP: 3/3
  1764 | D:3      | Identified the +1 leather armour "Damnable Contraption"
                  | {Int+4}
  1786 | D:3      | Found a glowing drain.
  1833 | Sewer    | Entered a sewer
  1907 | Sewer    | Noticed a kobold brigand
  1909 | Sewer    | Noticed a kobold brigand
  1928 | Sewer    | Succumbed to a kobold brigand's poison

Illustrated notes

Levels and vault maps discovered:
D:1:      scummos_arrival_forest, layout_basic,
          shapermc_ecumenical_altar_acropolis
D:2:      layout_loops_ring, grunt_ministairs_2, minivault_25,
          minmay_misc_feat_nine_boxes
D:3:      layout_rooms, portal_sewer_entry_b, kennysheep_generic_room_13
Sewer:    sewer_kobolds

Skill      XL: |  1  2  3  4 |
---------------+-------------+-----
Maces & Flails | 3 |  3.8
Dodging        | 3 |  3.1
Fighting       | 3 |  3.0
Stealth        | |  1.2

Action                   |  1- 3 |  4- 6 || total
-------------------------+-------+-------++-------
Melee: Mace              |   167 |    68 ||   235
       Punch             |     4 |     1 ||     5
 Stab: Sleeping          |     3 |       ||     3
Armor: Robe              |    92 |    33 ||   125
Dodge: Dodged            |   113 |    59 ||   172

Table legend: (Time is in decaauts)
 A = Elapsed time spent in this place.
 B = Non-inter-level travel time spent in this place.
 C = Inter-level travel time spent in this place.
 D = Time resting spent in this place.
 E = Time spent auto-exploring this place.
 F = Levels seen in this place.
 G = Mean time per level.
                   A        B        C        D        E       F      G
               +--------+--------+--------+--------+--------+-----+--------+
         Total |   2011 |   2011 |      0 |      0 |    922 |   4 |  502.8 |
       Dungeon |   1889 |   1889 |      0 |      0 |    860 |   3 |  629.7 |
         Sewer |    122 |    122 |      0 |      0 |     62 |   1 |  122.0 |
               +--------+--------+--------+--------+--------+-----+--------+

Top non-repeatable levels by time:
     D:2: 883 daAuts
     D:1: 712 daAuts
     D:3: 293 daAuts
   Sewer: 122 daAuts
